 Dungeon Crawl Stone Soup version 0.19-a0-49-gb8736b8 (webtiles) character file.

3002 Zhenya25pyc the Basher (level 9, -7/57 HPs)
             Began as a Gargoyle Fighter on May 6, 2016.
             Was a Priest of Okawaru.
             Shot with a sling bullet by Joseph (10 damage)
             ... on level 8 of the Dungeon.
             The game lasted 00:12:00 (7359 turns).

Zhenya25pyc the Basher (Gargoyle Fighter)           Turns: 7359, Time: 00:12:02

Health: -7/57      AC: 23    Str: 22    XL:     9   Next: 84%
Magic:  9/9        EV:  5    Int:  9    God:    Okawaru [***...]
Gold:   295        SH: 10    Dex: 10    Spells: 0 memorised, 8 levels left

rFire  . . .     SeeInvis .     a - +0 flail
rCold  . . .     Gourm    .     J - +0 plate armour
rNeg   + . .     Faith    .     c - +0 shield
rPois  ∞         Spirit   .     (no helmet)
rElec  +         Dismiss  .     G - +0 cloak
rCorr  .         Reflect  .     H - +0 pair of gloves
SustAt +         Harm     .     K - +1 pair of boots
MR     .....                    (no amulet)
Stlth  ..........               (no ring)
                                y - ring of sustain attributes

@: not resistant to hostile enchantments, extremely unstealthy
A: negative energy resistance 1, electricity resistance, unbreathing,
petrification resistance, rot immunity, AC +5
a: Heroism, Renounce Religion


You were on level 8 of the Dungeon.
You worshipped Okawaru.
Okawaru was most pleased with you.
You were not hungry.

You visited 2 branches of the dungeon, and saw 9 of its levels.

You collected 370 gold pieces.
You spent 75 gold pieces at shops.

Inventory:

Hand Weapons
 a - a +0 flail (weapon)
Armour
 c - a +0 shield (worn)
 G - a +0 cloak (worn)
 H - a +0 pair of gloves (worn)
 J - a +0 plate armour (worn)
 K - a +1 pair of boots (worn)
Jewellery
 y - a ring of sustain attributes (left hand)
Wands
 l - a wand of confusion (33/48)
 L - a wand of flame (10/48)
Scrolls
 e - 2 scrolls of immolation {unknown}
 g - 4 scrolls of enchant armour {unknown}
 o - 6 scrolls of identify {unknown}
 p - 2 scrolls of fog {unknown}
 q - 4 scrolls of teleportation {unknown}
 r - 2 scrolls of magic mapping {unknown}
 s - 6 scrolls of remove curse {unknown}
 u - 2 scrolls of fear {unknown}
 v - 2 scrolls of blinking {unknown}
 x - a scroll of random uselessness {unknown}
 A - a scroll of enchant weapon {unknown}
 E - 2 scrolls of noise {unknown}
Potions
 d - a potion of might
 h - 4 potions of curing {unknown}
 i - 3 potions of lignification {unknown}
 j - 2 potions of brilliance {unknown}
 m - a potion of degeneration {unknown}
 n - a potion of haste {unknown}
 t - a potion of cancellation {unknown}
 w - a potion of invisibility
 z - 3 potions of cure mutation {unknown}
 B - a potion of agility {unknown}
 C - 2 potions of flight {unknown}
 I - a potion of heal wounds {unknown}
Comestibles
 b - 5 fruits
 f - 7 bread rations
 k - a chunk of flesh
 D - a meat ration
 F - 8 slices of pizza


   Skills:
 + Level 7.2 Fighting
 * Level 8.9 Maces & Flails
 + Level 7.3 Armour
 + Level 7.0 Shields


You had 8 spell levels left.
You didn't know any spells.

Dungeon Overview and Level Annotations

Branches:
Dungeon (8/15)             Temple (1/1) D:4            Lair (0/8) D:8

Altars:
Ashenzari
Cheibriados
Dithmenos
Elyvilon
Fedhas
Gozag
Kikubaaqudgha
Makhleb
Nemelex Xobeh
Okawaru
Pakellas
Qazlal
Ru
Sif Muna
Trog
Vehumet
Yredelemnul
Zin
The Shining One

Shops:
D:4 *   D:7 [

Annotations:
D:8 Erolcha, Joseph


Innate Abilities, Weirdness & Mutations

You are resistant to torment.
Your stone body is resilient (AC +5).
You are immune to poison.
You resist negative energy.
You are resistant to electric shocks.
You can survive without breathing.
You are immune to petrification.
You are immune to rotting.


Message History

You block Joseph's attack. Erolcha hits you with a giant club.
You hit Joseph.
Joseph is lightly wounded.
You block Joseph's attack.
You sock Joseph!
Joseph is moderately wounded.
Erolcha hits you with a giant club!
* * * LOW HITPOINT WARNING * * *
You block Joseph's attack.
You are too injured to fight recklessly!
You are too injured to fight recklessly!
You are too injured to fight recklessly!
Unknown command.
Erolcha mumbles some strange words.
Erolcha flickers and vanishes!
Deactivating autopickup; reactivate with Ctrl-A.
Joseph unwields an uncursed quarterstaff.
Joseph wields an uncursed hunting sling.
Joseph shoots a sling bullet.
The sling bullet hits you!
You die...

##....##........##.####.......
#.............................
#...........#.#########..#####
####.....).....#. #..#
......#........######## #..#
......#.#........[....# #..#
.....>+.......@.......# #..#
......###.....{.......# #..#
......# #......#@######
......##########..#
......#.........#+#
...####.......######## ...#
#.......#.#.#..# ...#
#.......#......# ...#
#.......).#.#'## ...#
#.......#.#.#§#
...####.......#.#.###


You could see Joseph.

Vanquished Creatures
  Eustachio (D:5)
  A hungry ghost (D:8)
  2 orc warriors
  2 ice beasts
  A black bear (D:6)
  A phantom (D:7)
  2 ogres
  5 giant frogs
  2 wyvern zombies
  6 scorpions
  3 killer bees (D:5)
  8 wights
  A howler monkey (D:7)
  3 crimson imps
  A giant frog zombie (D:5)
  2 hounds
  4 orc priests
  A giant frog skeleton (D:6)
  An iguana (D:5)
  Ijyb (D:3)
  4 orc wizards
  6 worker ants
  3 adders
  An ooze (D:1)
  3 adder skeletons
  2 worms (D:2)
  2 dart slugs
  4 giant geckos
  16 orcs
  2 ball pythons
  6 bats
  4 giant cockroaches
  4 goblins
  3 hobgoblins
  19 jackals
  11 kobolds
  2 quokkas (D:6)
  A giant gecko zombie (D:6)
  7 giant newts
  A jackal skeleton (D:4)
  A quokka skeleton (D:6)
  5 rats
155 creatures vanquished.

Notes
Turn   | Place    | Note
--------------------------------------------------------------
     0 | D:1      | Zhenya25pyc the Gargoyle Fighter began the quest for the Orb.
     0 | D:1      | Reached XP level 1. HP: 14/14 MP: 1/1
   149 | D:1      | Reached XP level 2. HP: 16/19 MP: 2/2
   468 | D:1      | Reached XP level 3. HP: 20/23 MP: 3/3
   755 | D:2      | Found a shattered altar of Ashenzari.
   964 | D:2      | Found a blossoming altar of Fedhas.
   983 | D:2      | Reached skill level 3 in Maces & Flails
  1217 | D:2      | Reached XP level 4. HP: 29/29 MP: 4/4
  1568 | D:3      | Noticed Ijyb
  1583 | D:3      | Killed Ijyb
  1658 | D:3      | Found a stormy altar of Qazlal.
  1742 | D:3      | Reached XP level 5. HP: 29/33 MP: 5/5
  1885 | D:3      | Found a faded altar to an unknown god.
  2183 | D:4      | Found a staircase to the Ecumenical Temple.
  2190 | Temple   | Entered the Ecumenical Temple
  2411 | Temple   | Became a worshipper of Warmaster Okawaru
  2453 | D:4      | Reached skill level 4 in Maces & Flails
  2456 | D:4      | Found Doluutywn's Assorted Antiques.
  2465 | D:4      | Bought a scroll labeled JIPHISTRAAZO for 25 gold pieces
  2465 | D:4      | Bought a scroll labeled FUWESEAHYEMP for 25 gold pieces
  2465 | D:4      | Bought a scroll labeled BAUFAL USSYA for 25 gold pieces
  2493 | D:4      | Reached XP level 6. HP: 28/39 MP: 6/6
  3317 | D:5      | Entered Level 5 of the Dungeon
  3335 | D:4      | Reached * piety under Okawaru
  3608 | D:5      | Reached skill level 5 in Maces & Flails
  3608 | D:5      | Reached XP level 7. HP: 34/44 MP: 7/7
  3618 | D:5      | Reached skill level 5 in Fighting
  3805 | D:5      | Reached skill level 5 in Armour
  4099 | D:5      | Found a snail-covered altar of Cheibriados.
  4102 | D:5      | Found a glowing golden altar of the Shining One.
  4107 | D:5      | Found a sacrificial altar of Ru.
  4195 | D:5      | Reached ** piety under Okawaru
  4195 | D:5      | Reached skill level 6 in Maces & Flails
  4195 | D:5      | Reached skill level 5 in Shields
  4195 | D:5      | Reached XP level 8. HP: 14/50 MP: 8/8
  4551 | D:5      | Noticed Eustachio
  4559 | D:5      | Killed Eustachio
  4581 | D:5      | Found a deep blue altar of Sif Muna.
  4808 | D:6      | Found an ancient bone altar of Kikubaaqudgha.
  5127 | D:6      | Found a white marble altar of Elyvilon.
  5127 | D:6      | Found a basalt altar of Yredelemnul.
  5169 | D:6      | Reached skill level 7 in Maces & Flails
  5177 | D:6      | Found a sparkling altar of Nemelex Xobeh.
  5456 | D:6      | Reached XP level 9. HP: 52/56 MP: 9/9
  5737 | D:6      | Reached skill level 8 in Maces & Flails
  5887 | D:7      | Reached *** piety under Okawaru
  6434 | D:7      | Found Giufoxt's Armour Boutique.
  6971 | D:8      | Found a staircase to the Lair.
  7350 | D:8      | Noticed Joseph
  7351 | D:8      | Noticed Erolcha
  7359 | D:8      | Shot with a sling bullet by Joseph

Vault maps used:
D:1:      scummos_arrival_forest
D:2:      lemuel_crystal_altar, nicolae_ashenzari_panopticon
D:3:      nicolae_qazlal_general_emergency, ecumenical_altar_1, uniq_iyjb
D:4:      minmay_temple_entry_purple_smoke, serial_shops, shop, first_bread
D:5:      kennysheep_mini_moat, grunt_temple_overflow_diamond, uniq_eustachio
D:6:      kennysheep_mini, gammafunk_temple_overflow_forgotten
D:7:      serial_shops, nicolae_shop_trees
D:8:      lair_0_dummy, grunt_pizzeria, minmay_misc_feat_more_columns,
          uniq_grum, uniq_erolcha, uniq_joseph
Temple:   minmay_temple_bridge_a_8

Skill      XL: |  1  2  3  4  5  6  7  8  9 |
---------------+----------------------------+-----
Maces & Flails | 3 4 5 6 7 8 |  8.9
Fighting       | 4 5 6 7 |  7.2
Armour         | 4 5 6 7 |  7.3
Shields        | 4 5 6 7 |  7.0

Action                   |  1- 3 |  4- 6 |  7- 9 || total
-------------------------+-------+-------+-------++-------
Melee: Flail             |   123 |   267 |   508 ||   898
Invok: Heroism           |       |       |     1 ||     1
  Eat: Chunk             |     1 |     7 |    10 ||    18
       Meat ration       |       |       |     2 ||     2
       Pizza             |       |       |     2 ||     2
       Royal jelly       |       |       |     1 ||     1
Armor: Scale mail        |    80 |   130 |   165 ||   375
       Plate armour      |       |       |    99 ||    99
Dodge: Dodged            |    47 |    78 |   152 ||   277
Block: Shield            |    60 |   145 |   276 ||   481
